Map: 2000 Atmospheres LE

Players

Lambo

  • Race: Zerg Zerg

Dream - Winner!

  • Race: Terran Terran

Event: DreamHack SC2 Masters 2021 Summer

VOD

Have the link to the VOD?

Description

Time

  • Played on: July 1, 2021, 11:24 a.m.
  • Length: 19:18

All games in this series

Show
View Real Time Build Order
Export as new Build Order

Lambo Zerg 

Build Orders: Hatch First 

Get SALT Encoding   

  12  0:00  Drone  
  13  0:12  Overlord  
  13  0:16  Drone  
  14  0:30  Drone x2  
  16  0:47  Hatchery  
  15  0:50  Drone  
  15  0:53  Drone  
  17  0:57  Drone  
  18  1:11  Spawning Pool  
  18  1:14  Drone  
  18  1:17  Drone  
  19  1:28  Drone  
  20  2:00  Spine Crawler  
  20  2:01  Queen x2, Zergling x2  
  19  2:06  Drone x2  
  24  2:11  Drone  
  20  2:23  Drone  
  20  2:31  Drone  
  21  2:38  Drone  
  21  2:42  Drone  
  23  2:48  Overlord  
  23  2:55  Overlord  
  23  3:00  Extractor  
  22  3:07  Drone x4  
  22  3:11  Drone  
  27  3:17  Overlord  
  27  3:18  Drone  
  27  3:23  Drone  
  27  3:26  Drone  
  29  3:30  Drone x2  
  31  3:35  Drone  
  31  3:40  Drone  
  33  3:44  Queen  
  33  3:46  Drone  
  36  3:48  Drone  
  36  3:50  Drone  
  36  3:53  Drone  
  39  4:05  Hatchery  
  39  4:08  Drone x2  
  40  4:12  Metabolic Boost  
  40  4:16  Drone  
  41  4:20  Drone x3  
  44  4:24  Overlord  
  44  4:33  Overlord  
  44  4:37  Overlord  
  44  4:42  Queen  
  44  4:43  Baneling Nest  
  44  4:44  Zergling x6  
  44  4:45  Extractor  
  47  4:49  Queen  
  47  4:52  Overlord  
  49  4:56  Zergling x4  
  49  4:58  Drone  
  49  4:59  Drone  
  53  5:01  Drone  
  53  5:03  Drone  
  53  5:05  Drone x2  
  57  5:09  Drone  
  57  5:11  Zergling x2  
  59  5:23  Zergling x4  
  59  5:24  Drone x6  
  59  5:27  Evolution Chamber  
  64  5:30  Drone  
  63  5:36  Lair  
  63  5:37  Drone  
  63  5:39  Drone  
  65  5:44  Drone  
  65  5:45  Drone x2  
  65  5:47  Drone  
  69  5:51  Extractor  
  69  5:52  Evolution Chamber  
  69  5:55  Drone x2  
  69  5:57  Queen  
  69  5:59  Zergling x2  
  72  6:04  Zergling x4  
  72  6:06  Drone  
  72  6:07  Drone x2  
  72  6:08  Drone x3  
  72  6:09  Evolution Chamber  
  79  6:11  Drone x2  
  81  6:18  Extractor  
  81  6:22  Hatchery  
  81  6:24  Drone x2  
  81  6:27  Zerg Ground Armor Level 1  
  81  6:29  Overlord  
  81  6:30  Overlord  
  81  6:35  Overlord  
  81  6:38  Zerg Melee Weapons Level 1  
  81  6:40  Overlord  
  81  6:46  Overlord  
  81  6:48  Queen  
  81  6:50  Zergling x16  
  81  6:54  Zergling x2  
  86  6:58  Zergling x6  
  84  7:06  Zergling x12  
  90  7:13  Drone x3  
  93  7:18  Drone x3  
  97  7:22  Zergling x2  
  97  7:23  Zergling x2  
  97  7:28  Baneling  
  97  7:29  Baneling x7  
  98  7:30  Centrifical Hooks  
  98  7:33  Baneling x6, Queen  
  98  7:34  Overseer  
  98  7:36  Overlord  
  100  7:38  Overlord x2  
  100  7:40  Zergling x4  
  100  7:43  Overlord  
  100  7:44  Overlord  
  101  7:47  Zergling x6  
  98  7:51  Drone  
  98  7:53  Drone x3  
  98  7:57  Drone x6  
  98  7:58  Drone  
  108  8:00  Pneumatized Carapace  
  108  8:01  Drone  
  108  8:02  Drone  
  110  8:07  Zergling x6  
  110  8:08  Baneling  
  110  8:09  Baneling  
  113  8:13  Drone x2  
  113  8:15  Baneling  
  113  8:16  Baneling x2  
  113  8:17  Zergling x2, Spore Crawler  
  113  8:19  Zergling x2  
  116  8:20  Baneling  
  116  8:21  Baneling x2  
  116  8:24  Zergling x14  
  116  8:26  Zergling x2  
  124  8:30  Zergling x2  
  124  8:32  Zergling x4  
  123  8:37  Zergling x10  
  128  8:41  Zergling x2  
  128  8:42  Zergling x4, Overlord  
  128  8:51  Zergling x14  
  133  8:58  Zergling x8  
  133  9:00  Baneling x5  
  133  9:03  Zergling x10  
  133  9:08  Queen  
  133  9:09  Queen x2  
  143  9:10  Zergling x8  
  143  9:11  Baneling x5  
  143  9:15  Zergling x2  
  143  9:16  Zergling x2  
  148  9:19  Zergling x2  
  148  9:20  Hatchery, Zergling x2  
  141  9:25  Zergling x4  
  141  9:30  Zergling x4  
  135  9:31  Baneling x5, Zerg Ground Armor Level 2  
  135  9:32  Zerg Melee Weapons Level 2  
  135  9:36  Zergling x8, Infestation Pit  
  129  9:40  Zergling x2  
  129  9:41  Zergling x14  
  129  9:45  Queen x3  
  130  9:46  Drone  
  128  9:53  Baneling x7  
  128  9:55  Zergling x8  
  128  9:56  Overseer x2  
  128  9:59  Queen  
  134  10:01  Zergling x4  
  134  10:06  Hatchery  
  135  10:08  Zergling x4  
  135  10:12  Zergling x2  
  135  10:13  Zergling x2  
  135  10:14  Baneling x5  
  139  10:18  Zergling x4  
  141  10:21  Baneling x6  
  141  10:22  Zergling x4  
  141  10:23  Baneling  
  141  10:25  Zergling x2  
  144  10:29  Hive  
  144  10:32  Zergling x10  
  144  10:33  Zergling x2  
  150  10:42  Overlord  
  150  10:47  Overlord  
  147  10:51  Overlord  
  147  10:53  Baneling x8  
  147  10:54  Spore Crawler  
  147  10:56  Zergling x10  
  150  10:58  Overlord x2  
  150  11:02  Baneling x9  
  150  11:03  Spine Crawler  
  150  11:04  Zergling x18  
  158  11:11  Zergling x8  
  139  11:16  Zergling x20  
  145  11:25  Extractor  
  144  11:26  Zergling x2  
  144  11:27  Zergling x8  
  144  11:31  Overseer  
  148  11:36  Hatchery, Zergling x14  
  153  11:42  Zergling x4  
  153  11:45  Zergling x12  
  137  11:49  Zergling x2  
  137  11:51  Drone  
  138  11:55  Baneling x15  
  138  11:57  Drone x3  
  138  11:58  Drone x3  
  144  12:05  Drone  
  145  12:08  Spore Crawler  
  145  12:09  Zergling x8  
  145  12:11  Spore Crawler  
  145  12:18  Zergling x6  
  145  12:20  Zergling x4  
  145  12:22  Zergling x2  
  122  12:28  Ultralisk Cavern, Zergling x22  
  128  12:32  Drone x2  
  128  12:34  Extractor  
  128  12:36  Baneling  
  128  12:37  Baneling x12  
  128  12:44  Zergling x2  
  128  12:45  Zergling x8  
  128  12:47  Adrenal Glands  
  128  12:50  Drone x3  
  136  12:52  Drone  
  136  12:57  Drone x2  
  139  12:59  Drone x6  
  139  13:03  Drone x6  
  139  13:05  Extractor, Zerg Ground Armor Level 3  
  150  13:09  Zergling x6  
  152  13:14  Zergling x8  
  152  13:17  Chitinous Plating  
  152  13:18  Zergling x8  
  152  13:19  Zergling x2  
  161  13:21  Spore Crawler  
  161  13:22  Spore Crawler  
  161  13:25  Zergling x12  
  161  13:26  Zergling x8  
  168  13:29  Zergling x2  
  164  13:35  Baneling x11  
  164  13:38  Spore Crawler  
  164  13:39  Drone x6  
  164  13:40  Drone  
  168  13:48  Zerg Melee Weapons Level 3  
  168  13:52  Zergling x22  
  159  13:56  Zergling x10  
  161  14:06  Drone x8  
  161  14:09  Ultralisk  
  175  14:10  Overseer x2  
  175  14:13  Zergling x6  
  175  14:14  Baneling x6  
  173  14:17  Drone x3  
  173  14:18  Drone x2  
  173  14:22  Baneling x6  
  178  14:25  Baneling x6  
  178  14:26  Zergling x8  
  178  14:29  Baneling x3  
  182  14:32  Zergling x10  
  182  14:37  Zergling x12  
  193  14:44  Zergling x12  
  172  14:47  Zergling x6  
  172  14:50  Zergling x12  
  151  15:01  Ultralisk x2  
  151  15:03  Baneling x8  
  151  15:05  Baneling  
  158  15:08  Zergling x10  
  158  15:12  Zergling x10  
  157  15:17  Zergling x2  
  157  15:18  Zergling x10  
  145  15:23  Ultralisk  
  145  15:26  Zergling x2  
  145  15:27  Zergling x8  
  144  15:30  Zergling x10  
  144  15:34  Zergling x10  
  151  15:39  Zergling x2  
  151  15:40  Zergling x12  
  151  15:42  Zergling x4  
  148  15:45  Overseer  
  148  15:47  Ultralisk  
  140  15:50  Zergling x8  
  140  15:54  Zergling x2  
  140  15:55  Zergling x8  
  144  15:59  Zergling x8  
  142  16:06  Zergling x4  
  142  16:10  Ultralisk x2  
  152  16:12  Queen  
  152  16:14  Viper  
  152  16:15  Zergling x2  
  152  16:19  Zergling x10  
  152  16:21  Baneling x2  
  152  16:22  Zergling x4  
  155  16:26  Zergling x8  
  155  16:29  Zergling x2  
  155  16:30  Zergling x4  
  155  16:31  Zergling x2  
  156  16:37  Zergling x4  
  156  16:39  Zergling x2  
  159  16:44  Zergling x6  
  162  16:47  Baneling x6  
  162  16:50  Viper  
  162  16:52  Hatchery, Zergling x10  
  162  16:53  Baneling x2  
  169  16:59  Zergling x6  
  166  17:02  Zergling x4  
  166  17:05  Overlord  
  166  17:06  Zergling x4  
  155  17:16  Ultralisk x2  
  155  17:18  Queen  
  169  17:23  Queen  
  169  17:25  Zergling x14  
  169  17:28  Overseer  
  178  17:36  Zergling x6  
  169  17:41  Zergling x4  
  169  17:44  Overseer  
  169  17:49  Extractor  
  169  17:50  Zergling x2  
  169  17:51  Zergling x6  
  168  18:02  Zergling x18  
  164  18:06  Zergling x10  
  164  18:10  Drone x2  
  166  18:15  Ultralisk  
  166  18:19  Spire  
  151  18:23  Ultralisk  
  151  18:24  Hatchery, Ultralisk  
  162  18:27  Zergling x8  
  162  18:33  Zergling x10  
  156  18:37  Zergling x6  
  143  18:43  Zergling x8  
  145  18:56  Zergling x4  
  145  18:58  Zergling x2  
  145  18:59  Baneling x13  
Show
View Real Time Build Order
Export as new Build Order

Dream Terran - Winner!

Build Orders:  

Get SALT Encoding   

  12  0:00  SCV  
  13  0:12  SCV  
  14  0:18  Supply Depot  
  14  0:24  SCV  
  15  0:39  Barracks  
  15  0:50  Barracks  
  15  0:56  SCV  
  16  1:08  SCV  
  17  1:17  Refinery  
  17  1:20  SCV  
  18  1:26  Marine  
  18  1:30  Supply Depot  
  19  1:33  Orbital Command  
  19  1:36  Marine  
  20  1:44  Marine  
  21  1:47  Bunker  
  21  1:54  Marine  
  21  1:59  SCV  
  23  2:01  Marine  
  24  2:12  Marine  
  24  2:14  SCV  
  24  2:19  Marine  
  23  2:26  SCV  
  24  2:30  Marine  
  24  2:32  Factory  
  25  2:37  Marine  
  25  2:39  SCV  
  27  2:49  Command Center  
  27  2:52  SCV  
  28  2:59  Supply Depot  
  28  3:02  Refinery  
  28  3:04  SCV  
  29  3:17  Factory Reactor  
  29  3:18  SCV  
  30  3:28  Starport  
  30  3:30  SCV  
  31  3:43  SCV  
  31  3:47  Command Center  
  32  3:56  Hellion x2  
  32  3:58  SCV  
  37  4:04  Medivac  
  39  4:10  SCV  
  40  4:18  Hellion  
  40  4:21  Orbital Command  
  40  4:23  SCV  
  43  4:28  Hellion  
  45  4:35  SCV  
  45  4:37  Barracks Tech Lab  
  46  4:45  Starport Reactor  
  46  4:47  SCV  
  46  4:49  Barracks  
  46  4:51  SCV  
  48  4:55  Hellion x2  
  48  4:56  Stimpack  
  48  4:58  Marine  
  53  5:00  SCV  
  53  5:03  SCV  
  55  5:07  Orbital Command  
  55  5:12  SCV  
  56  5:15  SCV, Marine  
  58  5:24  SCV  
  58  5:28  SCV  
  61  5:32  SCV  
  61  5:34  Marine  
  54  5:38  Medivac x2  
  54  5:39  Factory Reactor  
  54  5:40  Marine x2  
  54  5:42  SCV x2  
  62  5:43  Barracks Reactor, Orbital Command  
  62  5:45  Supply Depot  
  62  5:47  Engineering Bay x2  
  62  5:52  Refinery  
  62  5:53  Refinery, Marine  
  62  5:54  SCV x2  
  62  5:55  Supply Depot  
  65  5:58  Marine x2  
  67  6:06  SCV x2  
  67  6:07  Supply Depot  
  67  6:11  Marine  
  69  6:12  SCV  
  69  6:14  Terran Infantry Armor Level 1, Terran Infantry Weapons Level 1  
  69  6:16  Marine x2  
  69  6:18  SCV  
  74  6:19  SCV  
  74  6:23  Marine x2  
  74  6:24  SCV  
  78  6:27  Supply Depot  
  78  6:29  Widow Mine x2, Marine  
  78  6:30  SCV  
  78  6:31  SCV  
  85  6:36  SCV, Combat Shield  
  85  6:37  Marine  
  85  6:38  Marine  
  88  6:42  SCV  
  88  6:44  SCV  
  90  6:47  Marine x2  
  90  6:48  SCV, Marine  
  94  6:54  SCV  
  94  6:55  Marine, Supply Depot x2  
  94  6:59  SCV  
  94  7:02  SCV, Marine  
  94  7:06  Marine x2  
  94  7:07  Marine  
  97  7:08  Widow Mine  
  97  7:09  Widow Mine, SCV  
  97  7:13  Marine  
  97  7:15  Barracks  
  101  7:16  SCV  
  101  7:17  Supply Depot  
  101  7:18  SCV  
  101  7:20  Marine  
  104  7:24  Marine  
  104  7:25  SCV  
  104  7:26  Barracks, Marine  
  107  7:31  Widow Mine x2  
  107  7:32  Marine  
  107  7:33  Armory  
  107  7:34  SCV x2  
  114  7:39  Marine  
  114  7:40  Marine  
  114  7:42  Marine  
  116  7:44  SCV  
  116  7:45  Marine  
  116  7:50  Marine  
  116  7:51  Medivac x2  
  106  7:52  Widow Mine x2  
  106  7:56  Bunker  
  106  7:57  Marine  
  106  7:58  Marine  
  112  8:00  Marine, Supply Depot  
  112  8:03  Marine  
  112  8:05  Factory  
  115  8:08  Marine  
  115  8:11  Barracks Reactor, Concussive Shells  
  115  8:14  Widow Mine x2, Marine  
  115  8:15  SCV x3  
  115  8:16  Barracks Reactor, Marine  
  115  8:19  Marine  
  125  8:20  Terran Infantry Weapons Level 2  
  125  8:21  Marine  
  125  8:22  Terran Infantry Armor Level 2, Supply Depot  
  126  8:30  SCV  
  126  8:31  SCV x2  
  126  8:32  Marine  
  126  8:33  Marine x2  
  117  8:36  Marine, Medivac  
  117  8:39  Marine  
  119  8:43  SCV x3  
  121  8:50  Marine x2  
  121  8:51  Marine  
  121  8:53  Marine x3  
  121  8:54  Marine  
  121  8:55  SCV x2  
  129  8:58  SCV  
  130  9:07  SCV x2  
  130  9:08  Marine x2  
  130  9:09  Factory Tech Lab, Marine x2  
  137  9:10  Marauder, Marine  
  137  9:18  Marine  
  124  9:37  Marine x4  
  124  9:38  Widow Mine x2, SCV x3, Marine  
  115  9:42  Supply Depot x2  
  115  9:43  Supply Depot  
  104  9:47  Marine x3  
  104  9:48  Marauder  
  104  9:49  Widow Mine  
  104  9:52  Command Center  
  111  9:55  Marine  
  116  10:00  Widow Mine x2, Drilling Claws  
  116  10:02  Medivac x2  
  116  10:03  Marine x3  
  116  10:04  Marine  
  116  10:05  Marine  
  116  10:06  Marine  
  126  10:10  Widow Mine, Marine x2  
  126  10:13  Marine  
  131  10:20  Marine  
  131  10:21  Sensor Tower, Marine x2  
  133  10:26  Widow Mine x2  
  138  10:29  Marauder  
  138  10:31  Widow Mine  
  138  10:33  Marine x2  
  138  10:34  Supply Depot  
  138  10:35  Marine, Supply Depot  
  144  10:37  Marine  
  144  10:40  Supply Depot  
  146  10:45  Marine  
  146  10:46  Marine  
  146  10:48  Marine x2  
  147  10:50  Marauder  
  147  10:52  Marine  
  147  10:55  Terran Infantry Weapons Level 3  
  147  10:56  Marine, Terran Infantry Armor Level 3  
  150  10:57  Marine  
  150  10:59  Marine  
  150  11:02  Marine  
  153  11:04  Marine  
  153  11:08  Marine  
  127  11:11  Marine  
  127  11:15  Marauder, Marine x3  
  127  11:17  Marine  
  122  11:19  Widow Mine x2  
  122  11:20  Marine  
  122  11:25  Widow Mine  
  129  11:28  Orbital Command  
  129  11:30  Marine  
  129  11:31  Marine x2  
  132  11:32  Marine  
  132  11:33  Medivac x2  
  132  11:36  Marauder  
  137  11:40  Widow Mine x2  
  137  11:41  SCV  
  137  11:42  Marine  
  137  11:43  Marine  
  137  11:44  Marine x2  
  137  11:45  SCV  
  137  11:46  Widow Mine  
  117  11:48  Marine x2  
  117  11:49  Marine  
  117  11:53  SCV  
  118  11:58  Planetary Fortress  
  114  12:01  Marine  
  114  12:02  Marauder, Marine x2  
  114  12:04  Marine  
  114  12:06  Marine x2  
  122  12:11  Marine x2  
  124  12:17  Widow Mine x3  
  124  12:19  Marine  
  124  12:20  Marine  
  124  12:21  SCV  
  114  12:23  Marauder  
  114  12:25  Marine  
  114  12:28  Marine x2  
  114  12:29  Marine  
  110  12:30  Marine x2  
  110  12:35  SCV x2  
  114  12:39  SCV x2  
  114  12:42  Widow Mine  
  114  12:43  Widow Mine  
  120  12:45  Widow Mine  
  120  12:47  SCV  
  120  12:50  Bunker, Marine x2  
  120  12:51  Marauder, Marine  
  127  12:53  Marine x5  
  127  12:56  SCV x2  
  135  13:07  Widow Mine  
  135  13:08  Widow Mine x2, Marine x2  
  135  13:09  Marine  
  135  13:10  Sensor Tower  
  135  13:11  Marine x6  
  150  13:26  Marine x2  
  152  13:27  Marine  
  152  13:29  Widow Mine x3, Marine x5  
  152  13:30  Marauder  
  163  13:44  Barracks, Marine x2  
  163  13:45  Marine  
  163  13:46  Barracks, Marine  
  163  13:47  Barracks, Marine  
  168  13:49  Liberator x2  
  168  13:50  Widow Mine x3  
  168  13:51  Marauder, Marine  
  177  13:56  Marine x2  
  177  14:01  Marine  
  177  14:02  Marine  
  174  14:03  Marine  
  174  14:04  Marine x2  
  174  14:08  Command Center  
  174  14:09  Refinery, Marine  
  178  14:12  Widow Mine  
  178  14:13  Marauder  
  178  14:14  Marine x2  
  180  14:19  Marine x2  
  180  14:28  Marine x4  
  184  14:31  Marine  
  184  14:32  Marine x3  
  184  14:38  Marine  
  187  14:39  Marauder, Marine  
  187  14:40  Widow Mine x3  
  172  14:46  Marine x4  
  172  14:48  Medivac x2  
  172  14:50  Marine x2  
  145  14:56  Barracks Tech Lab  
  145  14:57  Barracks Tech Lab x2  
  139  15:00  Marauder  
  139  15:01  Widow Mine x2  
  139  15:05  Marine x5  
  139  15:06  Marine  
  151  15:07  Marine  
  151  15:08  Widow Mine  
  151  15:12  SCV x2  
  151  15:13  Marine  
  144  15:16  Marine  
  144  15:19  SCV x2, Marine x2  
  140  15:21  Marauder  
  140  15:22  Marine  
  140  15:23  Widow Mine, Marine x2  
  143  15:29  Widow Mine x2  
  143  15:31  Marine  
  143  15:33  Marine  
  143  15:34  Marauder  
  143  15:35  Marine x2  
  153  15:38  Marauder x2  
  153  15:39  Marine  
  153  15:40  Marine  
  153  15:41  Marine  
  153  15:42  Marine  
  154  15:43  Marauder  
  154  15:48  Widow Mine  
  154  15:49  Marine  
  148  15:50  Widow Mine  
  148  15:52  Marine  
  148  15:53  Marine  
  148  15:56  SCV x2, Marauder  
  153  16:04  Marauder, Marine x3  
  145  16:05  Marine  
  145  16:08  Marine  
  136  16:12  Planetary Fortress  
  136  16:16  Marauder  
  136  16:17  Marine  
  136  16:18  Marine  
  140  16:20  Marine  
  140  16:21  Marine  
  142  16:27  Widow Mine x2  
  142  16:30  Marauder, Marine x3  
  140  16:34  Marine  
  140  16:35  Marine  
  140  16:36  Marine  
  140  16:38  Marauder, Marine  
  146  16:43  Marine  
  146  16:44  Marauder  
  146  16:45  Marine  
  152  16:47  Widow Mine  
  152  16:48  Marine  
  157  16:54  Widow Mine x2, Liberator  
  157  16:57  Liberator  
  157  17:00  Marine x2  
  157  17:01  Marauder  
  167  17:05  Marine  
  161  17:10  Marine  
  161  17:11  Marauder  
  161  17:12  Marine x2  
  161  17:14  Marauder x2, Marine  
  161  17:15  Marine  
  163  17:18  Marine  
  163  17:22  Widow Mine x2, Marauder  
  171  17:27  Marine x2  
  171  17:28  Marine  
  174  17:30  Marine x2  
  174  17:31  Marine  
  174  17:32  Marauder  
  174  17:33  Widow Mine  
  174  17:35  Marauder x2  
  174  17:36  Marine  
  178  17:38  Orbital Command  
  178  17:43  Marauder, Liberator x2  
  178  17:44  Widow Mine x2  
  190  17:45  Marine  
  190  17:49  Marine  
  190  17:50  Marine  
  190  17:51  Marine x3  
  188  17:52  Marine  
  188  17:54  Marauder  
  188  17:55  Widow Mine, Marine  
  188  17:56  Marauder x2  
  200  18:03  Marine  
  200  18:05  Widow Mine, Marauder  
  194  18:07  Marine  
  194  18:08  Marine x2  
  194  18:09  Marine x3  
  184  18:12  Widow Mine  
  184  18:13  Marine  
  184  18:15  Marauder  
  184  18:16  Widow Mine  
  184  18:18  Marauder x2  
  179  18:21  Marine  
  179  18:25  Marine  
  179  18:26  Widow Mine, Marauder, Marine x4  
  187  18:27  Marine  
  187  18:32  Medivac  
  187  18:33  Marine  
  173  18:36  Marauder  
  173  18:38  Marine  
  173  18:39  Marauder, Marine  
  175  18:43  Marine x2  
  175  18:44  Marine x3  
  175  18:45  Refinery, Marine  
  175  18:46  Refinery x2  
  175  18:47  Marine  
  178  18:51  Marine  
  178  18:52  SCV x2  
  178  18:53  SCV  
  179  18:56  Marine  
  179  18:57  Marauder  
Tags
 
Add a new tag
Caveats
  • Supply blocks, unpowered buildings, or Contaminate may cause inaccurate times.
  • Supply counts are checked every 10 seconds.